 Dungeon Crawl Stone Soup version 0.30.0-3-ga4e48a9924 (webtiles) character file.

Game seed: 10346522151364501751

9242 Lobster4 the Grappler (level 11, -4/104 HPs)
             Began as a Troll Fighter on May 7, 2023.
             Was a Follower of Uskayaw.
             Slain by a reaper
             ... wielding a +0 scythe of freezing
              (40 damage)
             ... in an ice cave.
             The game lasted 00:26:20 (7819 turns).

Lobster4 the Grappler (Troll Fighter)               Turns: 7819, Time: 00:26:21

Health: -4/104     AC: 11    Str: 26    XL:     11   Next: 20%
Magic:  0/13       EV:  9    Int:  8    God:    Uskayaw [*.....]
Gold:   671        SH:  9    Dex:  9    Spells: 11/14 levels left

rFire   . .          .
                       - Unarmed
rCold   + . .        b - +0 kite shield
rNeg    . . .        a - +0 acid dragon scales
rPois   .            r - +2 hat
rElec   .            (no cloak)
rCorr   +            (gloves unavailable)
SInv    .            (boots unavailable)
Will    .....        g - amulet of guardian spirit
Stlth   +            B - ring of protection from cold
HPRegen 1.17/turn    F - +4 ring of slaying
MPRegen 0.13/turn

%: guardian spirit
@: about to teleport, hasted, very quick
A: large, unfitting armour, claws 3, regeneration 1, shaggy fur 1, tough skin 1
a: Renounce Religion, Stomp


You were in an ice cave.
You worshipped Uskayaw.
Uskayaw was noncommittal.
You visited 2 branches of the dungeon, and saw 12 of its levels.
You also visited: Ice Cave.

You collected 671 gold pieces.

Inventory:

Hand Weapons
 c - a +1 whip of electrocution
 o - a +1 flail
 t - a +0 giant spiked club
 v - a +0 sling
 z - a +2 hand axe of electrocution
 C - a +0 giant club
 S - a +3 war axe
Missiles
 E - 22 poisoned darts
 H - 6 boomerangs (quivered)
 K - 3 atropa-tipped darts
Armour
 a - +0 acid dragon scales (worn)
 b - a +0 kite shield (worn)
 r - a +2 hat (worn)
 s - +0 steam dragon scales
 T - a +1 robe of willpower
Jewellery
 e - a +5 ring of evasion
 g - an amulet of guardian spirit (around neck)
 u - a ring of wizardry
 y - a ring of fire
 B - a ring of protection from cold (left claw)
 D - a +6 ring of strength
 F - a +4 ring of slaying (right claw)
 I - a ring of ice
Wands
 w - a wand of digging (7)
 O - a wand of quicksilver (8)
 Q - a wand of paralysis (1)
Scrolls
 h - a scroll of enchant weapon
 j - a scroll of blinking
 l - 3 scrolls of teleportation
 A - a scroll of silence {unknown}
 G - a scroll of immolation {unknown}
 M - a scroll of enchant armour {unknown}
Potions
 d - 5 potions of curing {unknown}
 f - a potion of ambrosia
 i - 4 potions of brilliance {unknown}
 k - a potion of heal wounds
 n - a potion of mutation
 x - 4 potions of lignification {unknown}
 J - a potion of flight
 L - 2 potions of haste
 P - a potion of resistance


   Skills:
 + Level 5.6 Fighting
 + Level 5.0 Maces & Flails
 + Level 4.6 Throwing
 + Level 4.9 Armour
 + Level 5.5 Dodging
 + Level 6.2 Shields
 * Level 8.8 Unarmed Combat
 + Level 2.0 Spellcasting
 + Level 2.4 Conjurations
 - Level 3.0 Earth Magic
 + Level 2.9 Invocations
 + Level 2.5 Evocations


You had 11 spell levels left.
You knew the following spells:

 Your Spells              Type           Power      Damage    Failure   Level
a - Stone Arrow           Conj/Erth      10%        3d7       63%         3

Your spell library contained the following spells:

 Spells                   Type           Power      Damage    Failure   Level
 Cigotuvi's Dreadful Rot  Necr/Pois/Air  0%         N/A       77%         2
 Lesser Beckoning         Tloc           0%         N/A       77%         2
 Gell's Gravitas          Tloc           0%         N/A       94%         3
 Teleport Other           Tloc           0%         N/A       94%         3
 Vhi's Electric Charge    Tloc/Air       0%         N/A       94%         3
 Animate Armour           Summ/Erth      6%         N/A       99%         4
 Dispel Undead            Necr           0%         3d6       100%        4
 Arcjolt                  Conj/Air       1%         1d11      100%        5
 Death Channel            Necr           0%         N/A       100%        6
 Lehudib's Crystal Spear  Conj/Erth      2%         10d2      100%        8
 Maxwell's Capacitive Co  Air            0%         ∞         100%        8


Dungeon Overview and Level Annotations

Branches:
Dungeon (11/15)            Temple (1/1) D:4            Lair (0/5) D:11
    Orc (0/2) D:9           IceCv (1/1)

Altars:
Ashenzari
Cheibriados
Dithmenos
Elyvilon
Fedhas
Gozag
Hepliaklqana
Kikubaaqudgha
Makhleb
Nemelex Xobeh
Okawaru
Qazlal
Ru
Sif Muna
Trog
Uskayaw
Vehumet
Wu Jian
Xom
Yredelemnul
Zin
The Shining One

Annotations:
D:8 2 transporters, exclusion: kobold brigand, LobsterGuardian's ghost, novice TeEn


Innate Abilities, Weirdness & Mutations

You are too large for most types of armour.
You have claws for hands.
Your natural rate of healing is unusually fast.
You are covered in fur. (AC +1)
You have tough skin. (AC +1)


Message History

The reaper is lightly wounded.
You scratch the reaper but do no damage.
The reaper is lightly wounded.
The reaper hits you with a +0 scythe of freezing!!
The reaper freezes you.
You're wearing all the rings you can.
Remove which one? (? for menu, Esc to cancel) < or
B - a ring of protection from cold; > or
I - a ring of ice You remove your ring of ice.
F - a +4 ring of slaying (right claw)
The reaper barely misses you.
You feel much better.
Aiming: Paralyse
Press: ? - help, Shift-Dir - straight line, f - reaper
Aim: a reaper, wielding a +0 scythe of freezing, wearing a +1 robe of cold resistance and wearing a ring of protection from cold (lightly wounded, chance to affect: 3%)
Okay, then.
Unknown command.
Aiming: Quicksilver Bolt
Press: ? - help, Shift-Dir - straight line, f - reaper
Aim: a reaper, wielding a +0 scythe of freezing, wearing a +1 robe of cold resistance and wearing a ring of protection from cold (lightly wounded, 71% to hit)
The bolt of dispelling energy hits the reaper!
The reaper is moderately wounded.
The reaper hits you with a +0 scythe of freezing!!
The reaper freezes you.
You barely miss the reaper.
The reaper is moderately wounded.
The reaper hits you with a +0 scythe of freezing!!
* * * LOW HITPOINT WARNING * * *
The reaper freezes you.
* * * LOW HITPOINT WARNING * * *
You feel much better.
You scratch the reaper but do no damage.
The reaper is moderately wounded.
The reaper barely misses you.
You barely miss the reaper.
The reaper is moderately wounded.
As you read the scroll of teleportation, it crumbles to dust.
You feel strangely unstable.
The reaper hits you with a +0 scythe of freezing!!!
You die...

##### #####...##
## ##........##
.#.###..........#
....#..........##
#...............#
. #............#
#. #.......2@.#
..# ###.#§.☼.#.#
..°###
#####§§####
#....####☼##§§.##
#.§...#..§§§#..##
#.....#§§§##..#
###....######...#
##...4..# ##...##
.......## #...##


You could see a reaper.

Vanquished Creatures
  A two-headed ogre (D:10)
  Pikel (D:7)
  2 ice statues (IceCv)
  A gargoyle (D:10)
  4 ice devils (IceCv)
  A hornet (D:6)
  A dream sheep (D:8)
  A wyvern (D:9)
  9 yaks
  A basilisk (D:6)
  2 steam dragons
  A wraith (D:10)
  A warg (D:9)
  Menkaure (D:7)
  3 acid dragons
  A water moccasin (D:5)
  An orc warrior (D:9)
  2 sky beasts (D:7)
  A black bear (D:4)
  2 centaurs
  3 ogres
  A phantom (D:5)
  3 kobold brigands
  A two-headed ogre simulacrum (IceCv)
  2 bullfrogs (D:7)
  4 scorpions
  10 wights
  3 elephant simulacra (IceCv)
  5 howler monkeys
  3 hounds (D:5)
  4 orc priests
  A sleepcap (D:5)
  2 jellies (D:4)
  5 iguanas
  3 orc wizards
  A polar bear simulacrum (IceCv)
  A troll simulacrum (IceCv)
  A mummy (D:7)
  6 adders
  3 gnolls (D:4)
  2 naga simulacra (IceCv)
  7 white imps
  2 ufetubi (IceCv)
  4 worms
  2 dart slugs
  19 orcs
  3 bats
  6 endoplasms
  4 giant cockroaches
  4 goblins
  6 hobgoblins
  9 jackals
  5 quokkas
  9 ball pythons
  6 frilled lizards
  11 kobolds
  2 rats (D:2)
200 creatures vanquished.

Vanquished Creatures (others)
  A white imp (IceCv)
  2 plants (D:8)
3 creatures vanquished.

Grand Total: 203 creatures vanquished

Notes
Turn   | Place    | Note
-------+----------+-------------------------------------------
     0 | D:1      | Lobster4 the Troll Fighter began the quest for the Orb.
     0 | D:1      | Reached XP level 1. HP: 22/22 MP: 0/0
    11 | D:1      | Found a faded altar of an unknown god.
   113 | D:1      | Reached XP level 2. HP: 29/29 MP: 1/1
   521 | D:1      | Reached XP level 3. HP: 36/36 MP: 2/2
   646 | D:2      | Found an ancient bone altar of Kikubaaqudgha.
   983 | D:2      | Reached skill level 1 in Armour
   997 | D:2      | Reached skill level 3 in Unarmed Combat
  1051 | D:2      | Reached XP level 4. HP: 44/44 MP: 3/3
  1813 | D:3      | Found an opulent altar of Gozag.
  1855 | D:4      | Reached XP level 5. HP: 47/52 MP: 4/4
  1910 | D:4      | Noticed a black bear
  1934 | D:3      | Reached skill level 5 in Shields
  1934 | D:3      | Reached skill level 6 in Unarmed Combat
  1934 | D:3      | Reached XP level 6. HP: 63/63 MP: 5/5
  1962 | D:3      | Reached skill level 7 in Unarmed Combat
  2089 | D:4      | Learned a level 3 spell: Stone Arrow
  2182 | D:4      | You fall into a shaft and drop 3 floors!
  2185 | D:7      | Noticed Pikel
  2199 | D:7      | Killed Pikel
  2200 | D:7      | Reached XP level 7. HP: 51/71 MP: 3/6
  2222 | D:6      | Reached XP level 8. HP: 79/79 MP: 5/7
  2222 | D:6      | Found a blossoming altar of Fedhas.
  2250 | D:5      | Entered Level 5 of the Dungeon
  2323 | D:4      | Reached skill level 1 in Earth Magic
  2390 | D:4      | Found a staircase to the Ecumenical Temple.
  2395 | Temple   | Entered the Ecumenical Temple
  2551 | Temple   | Became a worshipper of Uskayaw the Reveller
  2750 | D:5      | Reached * piety under Uskayaw
  2752 | D:5      | Reached skill level 1 in Conjurations
  2791 | D:5      | Reached ** piety under Uskayaw
  3140 | D:5      | Reached skill level 1 in Evocations
  3381 | D:5      | Found an ornate altar of the Wu Jian Council.
  3757 | D:6      | Found a shimmering blue altar of Sif Muna.
  3809 | D:6      | Found a sparkling altar of Nemelex Xobeh.
  3999 | D:6      | Noticed a hornet
  4004 | D:6      | Reached XP level 9. HP: 87/87 MP: 9/9
  4005 | D:6      | Paralysed by a hornet for 2 turns
  4015 | D:6      | Reached skill level 5 in Fighting
  4166 | D:6      | Reached skill level 5 in Dodging
  4171 | D:6      | Reached *** piety under Uskayaw
  4174 | D:6      | Reached **** piety under Uskayaw
  4177 | D:6      | Reached skill level 1 in Spellcasting
  4202 | D:6      | Reached skill level 1 in Invocations
  4839 | D:7      | Found a snail-covered altar of Cheibriados.
  4971 | D:7      | Noticed Menkaure
  4983 | D:7      | Killed Menkaure
  5200 | D:8      | Noticed a queen bee
  5222 | D:8      | Reached ***** piety under Uskayaw
  5239 | D:8      | Reached skill level 8 in Unarmed Combat
  5256 | D:8      | Reached ****** piety under Uskayaw
  5258 | D:8      | Reached XP level 10. HP: 96/96 MP: 10/10
  5275 | D:8      | Noticed LobsterGuardian's ghost (novice TeEn)
  5304 | D:8      | Noticed a three-headed hydra
  5344 | D:8      | Found a transporter.
  5345 | D:8      | Found a transporter.
  5967 | D:9      | Found a staircase to the Orcish Mines.
  6114 | D:9      | Found a stormy altar of Qazlal.
  6503 | D:10     | Entered Level 10 of the Dungeon
  6694 | D:10     | Found a burning altar of Makhleb.
  6695 | D:10     | Found a hazy altar of Hepliaklqana.
  6765 | D:10     | Noticed a gargoyle
  6774 | D:10     | Killed a gargoyle
  6819 | D:10     | Noticed a two-headed ogre
  6829 | D:10     | Killed a two-headed ogre
  7084 | D:10     | Found a bloodstained altar of Trog.
  7481 | D:11     | Found a frozen archway.
  7492 | IceCv    | Entered an ice cave
  7620 | IceCv    | Noticed a reaper
  7644 | IceCv    | Reached XP level 11. HP: 85/104 MP: 10/12
  7735 | IceCv    | Reached skill level 5 in Maces & Flails
  7819 | IceCv    | Slain by a reaper

Illustrated notes

Levels and vault maps discovered:
D:1:      ncdulo_lavacross, layout_loops_ring, basic_ecumenical_altar
D:2:      layout_loops_ring, basic_altar, minmay_misc_feat_room
D:3:      layout_rooms, general_overflow_altar
D:4:      layout_rooms, minmay_temple_entry_grid
D:5:      layout_loops_corners, nzn_wu_jian_contemplation
D:6:      minmay_cornered_nines, layout_basic, lemuel_coloured_pillars_altar,
          fedhas_altar_2, nemelex_diamond_rough_becter
D:7:      layout_basic, slow_altar_1, uniq_menkaure, uniq_pikel
D:8:      layout_gridville, gammafunk_ghost_hive, serial_co_window_serial,
          co_window_paths_b, co_window_paths_a, co_window_of_opportunity_a,
          co_window_corner_a, co_window_paths_a, co_window_paths_a,
          co_window_of_opportunity_a, co_window_paths_a, co_window_paths_a,
          co_window_cross_4, co_window_unsneaky_path_b, co_window_corner_cb,
          co_window_2corner, co_window_of_opportunity_b,
          co_window_of_opportunity_b, glass_columns_a, hangedman_ranch
D:9:      layout_basic, grunt_qazlal_clouds, david_orc_3
D:10:     layout_irregular_city, kennysheep_mini_moat,
          grunt_temple_overflow_open
D:11:     layout_roguey, lair_entry_dummy, portal_ice_cave_entry_pillars_1,
          kennysheep_crisscross, uniq_psyche, uniq_lodul, uniq_urug
Temple:   hellmonk_temple_forest_ring
IceCv:    ice_cave_small_demon

Skill      XL: |  1  2  3  4  5  6  7  8  9 10 11 |
---------------+----------------------------------+-----
Shields        | 3 5 6 |  6.2
Armour         | 1 3 4 |  4.9
Unarmed Combat | 3 6 7 8 |  8.8
Fighting       | 4 5 |  5.6
Maces & Flails | 3 4 5 |  5.0
Throwing       | 3 4 |  4.6
Dodging        | 4 5 |  5.5
Earth Magic    | 1 2 3 |  3.0
Conjurations   | 1 2 |  2.4
Evocations     | 1 2 |  2.5
Spellcasting   | 1 2 |  2.0
Invocations    | 1 2 |  2.9

Action                     |  1- 3 |  4- 6 |  7- 9 | 10-12 || total
---------------------------+-------+-------+-------+-------++-------
  Melee: Unarmed           |   112 |   105 |   236 |   234 ||   687
         War axe           |       |       |       |     3 ||     3
  Throw: Dart              |       |       |    14 |     9 ||    23
         Boomerang         |       |       |       |     6 ||     6
  Evoke: Wand              |       |       |     8 |     6 ||    14
    Use: Scroll            |       |     7 |     6 |     9 ||    22
         Potion            |       |     2 |     1 |     4 ||     7
   Stab: Invisible         |       |       |     2 |       ||     2
         Paralysed         |       |       |     5 |     6 ||    11
 Armour: Robe              |    22 |    19 |    25 |     1 ||    67
         Steam dragon scal |       |       |     9 |    21 ||    30
         Acid dragon scale |       |       |       |    31 ||    31
  Dodge: Dodged            |    46 |    51 |   117 |    86 ||   300
  Block: Kite shield       |    43 |    26 |    82 |    86 ||   237
